 Dungeon Crawl Stone Soup version 0.32-a0-834-geaf45d8e21 (console) character file.

Game seed: 8916454438194728140

36176 petzl the Fighter (level 14, -15/102 (113) HPs)
             Began as a Formicid Delver on Mar 25, 2024.
             Was an Elder of Vehumet.
             Demolished by Rupert
             ... wielding a +5 great mace of draining
              (56 damage)
             ... on level 14 of the Dungeon on Mar 26, 2024.
             The game lasted 01:48:39 (19180 turns).

petzl the Fighter (Formicid Delver)                Turns: 19180, Time: 01:48:40

HP:   -15/102 (113) AC:  8    Str: 19    XL:     14   Next: 22%
MP:   24/27         EV: 22    Int: 13    God:    Vehumet [****..]
Gold: 204           SH:  6    Dex: 15    Spells: 21/32 levels left

rFire   . . .        a - +8 whip {venom, curare, rPois}
rCold   + . .        l - +0 buckler
rNeg    . . .        c - +0 acid dragon scales
rPois   +            (helmet unavailable)
rElec   .            (no cloak)
rCorr   +            (no gloves)
SInv    +            (no boots)
Will    +....        (no amulet)
Stlth   +++          h - +5 ring of evasion
HPRegen 0.37/turn    D - +5 ring of evasion
MPRegen 0.20/turn

%: no passive effects
@: drained
A: permanent stasis, dig shafts and tunnels, antennae 3, four strong arms, cold
resistance 1
a: Dig, Shaft Self, Renounce Religion


You were on level 14 of the Dungeon.
You worshipped Vehumet.
Vehumet was greatly pleased with you.
You visited 1 branch of the dungeon, and saw 14 of its levels.
You also visited: Bailey.

You collected 1015 gold pieces.
You spent 811 gold pieces at shops.

Inventory:

Hand Weapons
 a - the +8 whip "Snakebite" (weapon) {venom, curare, rPois}
   (You found it on level 7 of the Dungeon)

   rPois:     It protects you from poison.
 b - a +4 shortbow of draining
 d - a +5 scimitar
 e - a +1 spectral quarterstaff
 f - a +2 flail of protection
 u - a +2 shortbow of electrocution
 I - a +0 lajatang of pain
 L - a +0 scimitar of flaming
 N - a +0 arbalest
 U - a +6 hand axe of freezing {!f =f}
Missiles
 g - 23 poisoned darts
 Z - a throwing net
Armour
 c - +0 acid dragon scales (worn)
 l - a +0 buckler (worn)
 t - a +1 robe of willpower
 v - a +2 leather armour of poison resistance
 C - a +3 scale mail
 F - a +0 tower shield
Magical Staves
 k - a staff of conjuration
 O - a staff of air
Jewellery
 h - a +5 ring of evasion (left hand)
 r - a ring of protection from fire
 D - a +5 ring of evasion (right hand)
Wands
 B - a wand of charming (17)
 E - a wand of flame (16)
 K - a wand of acid (3)
 S - a wand of roots (3)
 V - a wand of digging (2)
Scrolls
 j - 3 scrolls of vulnerability
 m - 5 scrolls of enchant armour
 n - a scroll of summoning
 o - a scroll of silence
 q - 2 scrolls of fog
 w - 2 scrolls of torment
 x - 2 scrolls of amnesia
 y - a scroll of immolation
 z - a scroll of acquirement
 J - 3 scrolls of revelation
 M - a scroll of poison
 T - 4 scrolls of fear
 W - a scroll of enchant weapon
Potions
 p - 2 potions of brilliance
 A - a potion of lignification
 H - a potion of mutation
 P - a potion of invisibility
 Q - 3 potions of curing
 X - a potion of enlightenment
 Y - a potion of heal wounds
Miscellaneous
 G - a box of beasts (inert)


   Skills:
 + Level 11.2 Fighting
 - Level 2.0(2.6) Maces & Flails
 - Level 2.6(3.0) Staves
 + Level 5.6 Ranged Weapons
 - Level 9.0 Armour
 + Level 5.4 Dodging
 - Level 7.2 Stealth
 - Level 9.0 Shields
 + Level 9.6 Spellcasting
 + Level 6.1 Conjurations
 - Level 2.4 Necromancy
 - Level 6.0 Translocations
 + Level 3.1 Ice Magic
 + Level 1.0 Air Magic
 + Level 5.7 Alchemy


You had 21 spell levels left.
You knew the following spells:

 Your Spells              Type           Power      Damage    Failure   Level
a - Iskenderun's Mystic   Conj/Tloc      22%        2d6       4%          4
b - Freeze                Ice            56%        1d7       1%          1
u - Sublimation of Blood  Necr           12%        N/A       10%         2
T - Olgreb's Toxic Radia  Alch           21%        N/A       4%          4

Your spell library contained the following spells:

 Spells                   Type           Power      Damage    Failure   Level
 Hailstorm                Conj/Ice       18%        3d7       2%          3
 Frozen Ramparts          Ice            28%        1d5       4%          3
 Volatile Blastmotes      Fire/Tloc      28%        2d12      4%          3
 Fulminant Prism          Conj/Alch      10%        3d9       4%          4
 Call Imp                 Summ           12%        N/A       26%         2
 Summon Hydra             Summ           3%         N/A       100%        7


Dungeon Overview and Level Annotations

Branches:
Dungeon (14/15)            Temple (0/1) D:4            Lair (0/5) D:8
    Orc (0/2) D:9          Bailey (visited)
 Vaults: D:13-14

Altars:
Ashenzari
Cheibriados
Fedhas
Gozag
Hepliaklqana
Kikubaaqudgha
Ru
Trog
Vehumet
Yredelemnul
Zin

Shops:
D:6 (   D:8 *   D:9 *

Annotations:
D:12 exclusion: downstairs
D:14 Rupert


Innate Abilities, Weirdness & Mutations

You cannot be hasted, slowed, berserked, paralysed or teleported.
You can dig through walls and to a lower floor.
You have a pair of large antennae on your head. (SInv)
Your four strong arms can wield two-handed weapons with a shield.
Your flesh is cold resistant. (rC+)


Message History

You erupt in a blast of force!
The mystic blast hits Rupert.
Rupert is heavily wounded.
Rupert is knocked back by the mystic blast.
Rupert rages.
You shoot an arrow.
The arrow hits Rupert but does no damage.
Rupert is heavily wounded.
Casting: Iskenderun's Mystic Blast (dangerous; 4% risk of failure)
Confirm with . or Enter, or press ? or * to list all spells.
You erupt in a blast of force!
The mystic blast hits Rupert!
Rupert is heavily wounded.
Rupert is knocked back by the mystic blast.
You block Rupert's attack. x2
The +8 whip "Snakebite" {venom, curare, rPois} begins to drip with poison!
a - the +8 whip "Snakebite" (weapon)
{venom, curare, rPois} Rupert closely misses you.
You closely miss Rupert.
Rupert is heavily wounded.
Rupert hits you with a +5 great mace of draining!!
You feel drained.
You barely miss Rupert.
Rupert is heavily wounded.
Rupert hits you with a +5 great mace of draining!!
You feel drained. Rupert completely misses you.
Casting: Iskenderun's Mystic Blast (dangerous; 4% risk of failure)
Confirm with . or Enter, or press ? or * to list all spells.
You erupt in a blast of force!
The mystic blast hits Rupert.
Rupert is heavily wounded.
Rupert is knocked back by the mystic blast.
Casting: Iskenderun's Mystic Blast (dangerous; 4% risk of failure)
Confirm with . or Enter, or press ? or * to list all spells.
You don't have enough magic to cast this spell.
Okay, then.
Unknown command.
Unknown command.
Magic courses through your body.
Rupert hits you with a +5 great mace of draining!!!
Ouch! That really hurt!
You die...
Rupert roars with triumph.

## #≈≈≈≈≈≈≈≈≈≈ ..#
#≈≈≈≈≈≈≈≈≈≈≈≈
..##~≈≈≈≈≈~~~≈~~
...~≈≈≈≈≈~.....
#.≈~~~~≈~.~~≈.
#.~≈........~.
#...~.~~~.~.~.
########~...~~~.~.~.
+.............~.~.~.
########~~~~~.~.~.~.
#@@.†.).........~.S.
########÷~~~~.~≈~.≈.
#≈≈≈≈~.~~~.~.
#≈≈≈≈≈...~.~.
#≈≈≈≈~~~...~.
#≈≈≈≈≈≈~~~.~.
#≈≈≈≈≈≈≈~≈..
#≈≈≈≈≈≈≈≈~..
#≈≈≈≈≈≈≈≈


You could see Rupert (berserk, poisoned, drained).

Vanquished Creatures
  Harold (D:10)
  An ogre mage (D:10)
  Erica (D:8)
  A boulder beetle (D:9)
  4 two-headed ogres
  A tengu warrior (D:14)
  Urug (D:10)
  An orc knight (D:10)
  Pikel (D:4)
  2 cyclopes (D:11)
  A kobold demonologist (D:9)
  A gargoyle (D:10)
  An unseen horror (D:10)
  3 komodo dragons
  A yaktaur (shapeshifter) (D:14)
  A tengu conjurer (D:14)
  2 trolls
  A hornet (D:9)
  A vampire (D:10)
  4 spriggans (Bailey)
  3 wraiths
  A shadow (D:11)
  4 wyverns
  4 humans (D:7)
  17 yaks
  5 steam dragons
  10 vampire mosquitoes
  4 acid dragons
  3 water moccasins
  Duvessa (D:4)
  5 orc warriors
  An ice beast (D:8)
  A black bear (D:4)
  3 sky beasts
  6 ogres
  4 centaurs
  3 phantoms
  A kobold brigand (D:8)
  4 bullfrogs
  2 scorpions
  Dowan (D:4)
  A burial acolyte (D:5)
  7 wights
  5 killer bees
  4 electric eels (D:14)
  3 howler monkeys
  2 bombardier beetles
  2 hounds
  2 jellies
  7 orc priests
  2 gnoll boudas
  5 iguanas
  3 sleepcaps
  13 orc wizards
  Robin (D:2)
  3 gnolls (D:6)
  10 adders
  A white imp (D:7)
  An adder zombie (D:5)
  A dart slug (D:4)
  2 ribbon worms
  29 orcs
  9 ball pythons
  5 bats
  5 endoplasms
  A giant cockroach (D:3)
  16 goblins
  5 hobgoblins
  8 jackals
  5 kobolds
  5 quokkas
  A frilled lizard (D:3)
  2 jackal zombies (D:5)
  5 rats
284 creatures vanquished.

Vanquished Creatures (others)
  An ice beast (D:7)
  An orc wizard (D:8)
  An orc (D:6)
3 creatures vanquished.

Grand Total: 287 creatures vanquished

Notes
Turn   | Place    | Note
-------+----------+-------------------------------------------
     0 | D:5      | petzl the Formicid Delver began the quest for the Orb.
     0 | D:5      | Reached XP level 1. HP: 18/18 MP: 1/1
   272 | D:1      | Reached skill level 1 in Spellcasting
   398 | D:1      | Reached XP level 2. HP: 21/24 MP: 4/4
  1026 | D:2      | You fall into a shaft and drop 1 floor!
  1206 | D:2      | Reached XP level 3. HP: 26/29 MP: 6/6
  1307 | D:2      | Reached skill level 1 in Shields
  1438 | D:2      | You fall into a shaft and drop 1 floor!
  1749 | D:2      | Reached XP level 4. HP: 35/35 MP: 7/7
  2037 | D:3      | Noticed Robin
  2059 | D:2      | You fall into a shaft and drop 2 floors!
  2219 | D:2      | Reached skill level 1 in Ranged Weapons
  2331 | D:3      | Reached XP level 5. HP: 41/41 MP: 8/8
  2421 | D:2      | Killed Robin
  2422 | D:2      | Reached skill level 1 in Armour
  2571 | D:3      | Found a hazy altar of Hepliaklqana.
  2656 | D:3      | You fall into a shaft and drop 1 floor!
  2846 | D:3      | Found a blossoming altar of Fedhas.
  3059 | D:3      | Reached XP level 6. HP: 48/48 MP: 10/10
  3088 | D:3      | Found a sacrificial altar of Ru.
  3234 | D:3      | Found a radiant altar of Vehumet.
  3241 | D:3      | Reached skill level 4 in Fighting
  3266 | D:3      | Became a worshipper of Vehumet
  3403 | D:3      | Found a snail-covered altar of Cheibriados.
  3874 | D:4      | Reached XP level 7. HP: 32/54 MP: 11/11
  3953 | D:4      | Found a staircase to the Ecumenical Temple.
  3990 | D:4      | Noticed Pikel
  3997 | D:4      | You fall into a shaft and drop 1 floor!
  4321 | D:4      | Identified the +0 robe "Quujaekk" {Rampage Dex+3}
  4430 | D:4      | You fall into a shaft and drop 3 floors!
  4522 | D:8      | Noticed a steam dragon
  4609 | D:7      | Noticed a steam dragon
  4656 | D:6      | Noticed a steam dragon
  4851 | D:6      | Identified a scroll of acquirement
  4925 | D:6      | Found Xurosch's Antique Weapon Emporium.
  4959 | D:6      | Reached skill level 5 in Shields
  5071 | D:6      | Reached XP level 8. HP: 61/61 MP: 13/13
  5076 | D:7      | Found the +8 whip "Snakebite" {venom, curare, rPois}
  5117 | D:7      | Reached * piety under Vehumet
  5117 | D:7      | Offered knowledge of Freeze by Vehumet.
  5120 | D:7      | Learned a level 1 spell: Freeze
  5525 | D:7      | Found a broken altar of Ashenzari.
  5559 | D:7      | Reached skill level 5 in Fighting
  5821 | D:6      | You fall into a shaft and drop 2 floors!
  5821 | D:8      | Found a basalt altar of Yredelemnul.
  6161 | D:5      | Found an opulent altar of Gozag.
  6783 | D:6      | Reached XP level 9. HP: 38/68 MP: 15/15
  7315 | D:5      | Found an ancient bone altar of Kikubaaqudgha.
  7706 | D:5      | Noticed Dowan
  7710 | D:5      | Noticed Duvessa
  8167 | D:4      | Killed Duvessa
  8942 | D:7      | Reached skill level 6 in Fighting
  8942 | D:7      | Reached skill level 5 in Spellcasting
  9056 | D:6      | Bought a runed lajatang for 486 gold pieces
  9187 | D:7      | Reached skill level 1 in Ice Magic
  9361 | D:7      | Reached XP level 10. HP: 54/76 MP: 17/17
  9483 | D:7      | Reached skill level 1 in Staves
  9483 | D:7      | Reached skill level 1 in Necromancy
  9920 | D:4      | Reached ** piety under Vehumet
  9920 | D:4      | Offered knowledge of Sandblast by Vehumet.
  9989 | D:4      | Killed Dowan
 10092 | D:4      | Killed Pikel
 10093 | D:4      | Reached skill level 5 in Ranged Weapons
 10093 | D:4      | Reached skill level 5 in Armour
 10489 | D:8      | Noticed Erica
 10663 | D:8      | Reached skill level 5 in Dodging
 10689 | D:8      | Found a staircase to the Lair.
 10689 | D:8      | Noticed a komodo dragon
 10727 | D:8      | Killed a komodo dragon
 11007 | D:8      | Killed Erica
 11084 | D:8      | Offered knowledge of Static Discharge by Vehumet.
 11085 | D:8      | Reached XP level 11. HP: 60/83 MP: 20/20
 11260 | D:8      | You fall into a shaft and drop 2 floors!
 11260 | D:10     | Entered Level 10 of the Dungeon
 11270 | D:10     | Learned a level 4 spell: Iskenderun's Mystic Blast
 11438 | D:10     | Found a flagged portal.
 11503 | Bailey   | Entered a bailey
 11519 | Bailey   | Reached skill level 1 in Conjurations
 11519 | Bailey   | Reached skill level 1 in Translocations
 11761 | Bailey   | Identified the +1 fire dragon scales "Refijume" {Harm
                  | +Blink rF++ rC- Dex-5 Slay-5}
 12025 | Bailey   | Noticed a two-headed ogre
 12035 | Bailey   | Killed a two-headed ogre
 12436 | D:8      | Found Fuweuf's Assorted Antiques.
 12444 | D:8      | Bought a sedimented emerald potion for 22 gold pieces
 12447 | D:8      | Bought a scroll of identify for 50 gold pieces
 12520 | D:8      | Found a bloodstained altar of Trog.
 13172 | D:9      | Noticed a two-headed ogre
 13349 | D:9      | Noticed a two-headed ogre
 13402 | D:9      | Killed a two-headed ogre
 13566 | D:9      | Noticed a boulder beetle
 13567 | D:9      | Killed a two-headed ogre
 13599 | D:9      | Killed a boulder beetle
 13694 | D:9      | Reached *** piety under Vehumet
 13697 | D:9      | Reached XP level 12. HP: 35/88 MP: 24/24
 14202 | D:9      | Noticed a two-headed ogre
 14209 | D:9      | Noticed an ice dragon
 14388 | D:9      | Offered knowledge of Olgreb's Toxic Radiance by Vehumet.
 14621 | D:9      | Found Zinaf's General Store.
 14628 | D:9      | Bought a scroll of identify for 22 gold pieces
 14628 | D:9      | Bought a wand of acid (5) for 231 gold pieces
 14668 | D:9      | Killed a two-headed ogre
 14669 | D:9      | Reached skill level 5 in Translocations
 14732 | D:9      | Found a glowing silver altar of Zin.
 14758 | D:9      | Found a staircase to the Orcish Mines.
 14808 | D:9      | Reached skill level 5 in Conjurations
 15159 | D:10     | Noticed Harold
 15173 | D:10     | Killed Harold
 16178 | D:10     | Noticed an ogre mage
 16273 | D:10     | Killed an ogre mage
 16313 | D:11     | Noticed Urug
 16424 | D:10     | Killed Urug
 17035 | D:10     | Learned a level 4 spell: Olgreb's Toxic Radiance
 17039 | D:10     | Learned a level 2 spell: Sublimation of Blood
 17190 | D:11     | Reached **** piety under Vehumet
 17191 | D:11     | Reached skill level 1 in Alchemy
 17360 | D:11     | Reached XP level 13. HP: 93/95 MP: 23/26
 17432 | D:11     | Noticed a centaur warrior
 17735 | D:11     | Reached skill level 5 in Alchemy
 17985 | D:11     | Noticed an entropy weaver
 17986 | D:11     | an entropy weaver changed into a polar bear
 17990 | D:11     | Noticed a centaur warrior
 18212 | D:11     | You fall into a shaft and drop 1 floor!
 18329 | D:12     | Gained mutation: Your flesh is cold resistant. (rC+)
                  | [potion of mutation]
 18335 | D:12     | Reached skill level 11 in Fighting
 18335 | D:12     | Reached XP level 14. HP: 113/113 MP: 27/27
 19014 | D:14     | Reached skill level 1 in Air Magic
 19157 | D:14     | Noticed Rupert
 19180 | D:14     | Demolished by Rupert

Illustrated notes

Levels and vault maps discovered:
D:1:      ncdulo_watergridlock, layout_loops_ring
D:2:      layout_basic, fountainhead
D:3:      wander_river, layout_loops_ring, mainiacjoe_overflow_paths,
          cheibrodos_worm_habitat, mainiacjoe_overflow_catch_the_wave,
          nicolae_vehumet_radiance, uniq_robin
D:4:      layout_basic, minmay_temple_entry_statues_pillars, kennysheep_dice,
          uniq_pikel
D:5:      layout_loops_ring, lemuel_zombie_altar_kikubaaqudgha,
          mainiacjoe_overflow_chevrons, uniq_duvessa
D:6:      layout_basic, serial_shops, nicolae_shop_stone,
          nicolae_figureground_pulse
D:7:      layout_loops_ring, mainiacjoe_overflow_concentric_impassable,
          minmay_ruffians
D:8:      layout_loops_ring, mainiacjoe_overflow_small_starburst, bloody_trog,
          david_lair_shrubbed, serial_shops, nicolae_shop_dealshenge,
          grunt_ministairs_1, uniq_erica
D:9:      minmay_the_grid_4x2 [minmay_the_grid_medium_cups,
          minmay_the_grid_eight, minmay_the_grid_odd_star,
          minmay_the_grid_diamond_grid, minmay_the_grid_mess,
          minmay_the_grid_garden, minmay_the_grid_dragon_b,
          minmay_the_grid_prize_diamond_cup], layout_basic, zin_statuary,
          serial_shops, shop
D:10:     kennysheep_blocky_room, layout_loops_ring, enter_bailey_2, uniq_harold
D:11:     layout_cave_pools, onia_ninara_dug_in_and_dangerous, uniq_urug
D:12:     layout_stronghold, okawaru_ov_weapons_minmay
D:13:     minmay_imperfect_grid, layout_basic, serial_curves, eino_curves_01,
          eino_curves_04, grunt_dithmenos_smoke_and_mirrors
D:14:     layout_basic, uniq_rupert, uniq_nessos

Skill      XL: |  1  2  3  4  5  6  7  8  9 10 11 12 13 14 |
---------------+-------------------------------------------+-----
Spellcasting   | 1 2 3 4 5 6 8 9 |  9.6
Shields        | 1 2 3 4 5 7 8 9 |  9.0
Dodging        | 2 3 4 5 |  5.4
Ranged Weapons | 1 2 3 4 5 |  5.6
Armour         | 1 2 3 4 5 7 9 |  9.0
Fighting       | 4 5 6 11 | 11.2
Ice Magic      | 1 2 3 |  3.1
Staves         | 2 |  2.6
Necromancy     | 2 |  2.4
Stealth        | 7 |  7.2
Conjurations   | 4 6 |  6.1
Translocations | 4 6 |  6.0
Alchemy        | 3 5 |  5.7
Air Magic      | 1 |  1.0
Maces & Flails | |  2.0

Action                     |  1- 3 |  4- 6 |  7- 9 | 10-12 | 13-15 || total
---------------------------+-------+-------+-------+-------+-------++-------
  Melee: Mace              |    76 |    35 |       |       |       ||   111
         Dagger            |       |    73 |   241 |    19 |       ||   333
         Long sword        |       |       |    10 |    20 |       ||    30
         Whip              |       |       |       |   303 |    21 ||   324
         Scimitar          |       |       |       |    19 |    24 ||    43
         Quarterstaff      |       |       |       |    37 |       ||    37
         Flail             |       |       |       |     6 |       ||     6
   Fire: Sling             |    24 |   119 |    65 |       |       ||   208
         Orcbow            |       |       |   132 |    74 |       ||   206
         Shortbow          |       |       |       |   139 |    44 ||   183
   Cast: Iskenderun's Myst |       |       |       |    39 |    29 ||    68
         Olgreb's Toxic Ra |       |       |       |     1 |    13 ||    14
Ability: Shaft Self        |     2 |     2 |     3 |     1 |     1 ||     9
         Dig               |       |     1 |       |     3 |     1 ||     5
  Evoke: Wand              |       |       |     1 |    21 |       ||    22
         Box of beasts     |       |       |       |       |     1 ||     1
    Use: Scroll            |     4 |       |     8 |     3 |     4 ||    19
         Potion            |       |       |     1 |     4 |     5 ||    10
   Stab: Sleeping          |    14 |       |     1 |     4 |       ||    19
         Distracted        |       |       |       |     2 |       ||     2
 Armour: Leather armour    |    61 |   130 |   201 |   165 |       ||   557
         Acid dragon scale |       |       |       |     1 |    47 ||    48
  Dodge: Dodged            |    53 |    93 |   218 |   402 |    94 ||   860
  Block: Buckler           |       |       |    13 |   146 |    24 ||   183

Table legend: (Time is in decaauts)
 A = Elapsed time spent in this place.
 B = Non-inter-level travel time spent in this place.
 C = Inter-level travel time spent in this place.
 D = Time resting spent in this place.
 E = Time spent auto-exploring this place.
 F = Levels seen in this place.
 G = Mean time per level.
                   A        B        C        D        E       F      G
               +--------+--------+--------+--------+--------+-----+--------+
         Total |  19381 |  18096 |   1285 |   5938 |   5394 |  15 | 1292.1 |
       Dungeon |  18670 |  17385 |   1285 |   5596 |   5394 |  14 | 1333.6 |
        Bailey |    711 |    711 |      0 |    342 |      0 |   1 |  711.0 |
               +--------+--------+--------+--------+--------+-----+--------+

Top non-repeatable levels by time:
     D:7: 2558 daAuts
     D:9: 2310 daAuts
    D:10: 2035 daAuts
     D:6: 1841 daAuts
     D:3: 1529 daAuts
     D:4: 1494 daAuts
     D:5: 1347 daAuts
     D:8: 1347 daAuts
     D:2: 1242 daAuts
    D:11: 997 daAuts
     D:1: 855 daAuts
  Bailey: 711 daAuts
    D:12: 541 daAuts
    D:14: 295 daAuts
    D:13: 273 daAuts
